[Event "42nd Olympiad Baku 2016 Open"]
[Site "Baku"]
[Date "2016.09.02"]
[Round "1.22"]
[White "Duda, Jan-Krzysztof"]
[Black "Mohammed, Zozek Salah Mohamme"]
[Result "1-0"]
[ECO "C11"]
[WhiteElo "2675"]
[BlackElo "2251"]
[PlyCount "71"]
[EventDate "2016.??.??"]
[EventCountry "AZE"]
[WhiteTeam "Polen"]
[BlackTeam "Irak"]
[WhiteTeamCountry "POL"]
[BlackTeamCountry "IRQ"]
[TimeControl "40/5400+30:1800+30"]
[WhiteClock "0:47:37"]
[BlackClock "0:00:32"]

1. e4 {(00:00} e6 {(00:03} 2. d4 {(00:09} d5 {(
00:05} 3. Nc3 {(00:34} Nf6 {(00:30} 4. e5 {(01:09}
Nfd7 {(00:10} 5. f4 {(00:17} c5 {(00:47} 6. Nf3 {
(00:06} Nc6 {(02:07} 7. Be3 {(00:06} cxd4 {(14:
07} 8. Nxd4 {(00:50} Nxd4 {(00:09} 9. Bxd4 {(01:20}
Bc5 {(08:41} 10. Bxc5 {(05:11} Nxc5 {(01:06} 11. Qd4 {
(00:15} Qb6 {(05:03} 12. O-O-O {(01:56} Bd7 {(
02:23} 13. h4 {(01:47} O-O-O {(05:14} 14. b4 {(03:29}
Na6 {(13:12} 15. Qxb6 {(01:23} axb6 {(00:04} 16. a3 {
(00:20} Kb8 {(08:24} 17. Rd2 {(01:27} Rc8 {(07:
39} 18. Ne4 {(04:57} dxe4 {(20:43} 19. Rxd7 {(00:41}
Rc7 {(04:01} 20. Rd6 {(12:23} Rhc8 {(03:02} 21. c4 {
(00:17} b5 {(01:18} 22. Rh3 {(00:58} bxc4 {(00:
52} 23. Re3 {(00:19} Re7 {(01:14} 24. Rxe4 {(01:53}
Nc7 {(00:19} 25. Rxc4 {(00:56} Nd5 {(00:00} 26. Rxc8+ {
(00:01} Kxc8 {(00:00} 27. g3 {(00:16} Rc7+ {(01:
35} 28. Kd2 {(00:33} h6 {(00:24} 29. f5 {(04:26} Rd7 {
(00:45} 30. Rxd7 {(07:13} Kxd7 {(00:02} 31. Bg2 {
(00:23} Nb6 {(00:58} 32. fxe6+ {(00:54} Kxe6 {(
00:17} 33. Bxb7 {(01:40} Nc4+ {(00:37} 34. Kc3 {(01:18]
} Nxa3 {(00:11} 35. Ba6 {(00:05} Kd5 {(00:56} 36. Bd3 {
(00:51} 1-0

[Event "42nd Olympiad Baku 2016 Open"]
[Site "Baku"]
[Date "2016.09.02"]
[Round "1.17"]
[White "Durarbayli, Vasif"]
[Black "Alice, Mateus Felizardo Vi"]
[Result "1/2-1/2"]
[ECO "B92"]
[WhiteElo "2612"]
[BlackElo "2164"]
[PlyCount "149"]
[EventDate "2016.??.??"]
[EventCountry "AZE"]
[WhiteTeam "Aserbeidschan"]
[BlackTeam "Mosambik"]
[WhiteTeamCountry "AZE"]
[BlackTeamCountry "MOZ"]
[TimeControl "40/5400+30:1800+30"]
[WhiteClock "0:56:03"]
[BlackClock "0:39:22"]

1. e4 {(00:06} c5 {(00:57} 2. Nf3 {(00:12} d6 {(
00:02} 3. d4 {(00:31} cxd4 {(00:01} 4. Nxd4 {(00:05}
Nf6 {(00:02} 5. Nc3 {(00:06} a6 {(00:02} 6. Be2 {
(00:06} e5 {(00:04} 7. Nb3 {(00:04} Be7 {(00:15]
} 8. Be3 {(00:04} Be6 {(00:04} 9. Nd5 {(00:05} Nxd5 {
(00:52} 10. exd5 {(00:06} Bf5 {(00:05} 11. Qd2 {
(00:11} Qc7 {(00:13} 12. Na5 {(03:34} b6 {(07:
29} 13. Nc4 {(01:33} Nd7 {(00:06} 14. a4 {(00:45} O-O
{(00:15} 15. O-O {(00:10} Bg6 {(10:09} 16. Ra3 {
(09:12} f5 {(06:17} 17. f4 {(00:11} exf4 {(03:
16} 18. Bxf4 {(00:20} Nc5 {(00:22} 19. Qb4 {(14:17}
Rab8 {(03:05} 20. Re3 {(00:32} Ne4 {(02:05} 21. Na3 {
(08:03} a5 {(01:34} 22. Qc4 {(01:47} Qd8 {(00:
48} 23. Qd3 {(04:57} Be8 {(01:11} 24. Nb5 {(01:52} Nc5
{(00:27} 25. Qd2 {(01:52} Bxb5 {(00:59} 26. Bxb5 {
(02:42} Bg5 {(02:07} 27. Ref3 {(01:01} Bxf4 {(
03:48} 28. Rxf4 {(00:07} g6 {(02:09} 29. g4 {(02:23}
Qg5 {(02:55} 30. Kh1 {(00:40} Rf7 {(06:33} 31. Qg2 {
(01:16} Rbf8 {(00:41} 32. gxf5 {(00:07} Qxg2+ {(
02:55} 33. Kxg2 {(00:04} Rxf5 {(00:48} 34. Rxf5 {(00:
02} gxf5 {(00:31} 35. Kf3 {(01:09} Kf7 {(03:34} 36.
Rg1 {(01:08} Kf6 {(00:25} 37. Kf4 {(00:09} Ne4 {
(02:39} 38. Bd7 {(00:39} Nc5 {(00:20} 39. Bb5 {(
05:08} Ne4 {(00:15} 40. Rg2 {(00:00} Rc8 {(00:00} 41.
Bc6 {(02:07} Rc7 {(09:49} 42. Rg8 {(00:15} Re7 {
(00:12} 43. Rf8+ {(00:31} Kg6 {(01:30} 44. Rxf5 {
(02:34} Nf6 {(02:06} 45. Rg5+ {(00:10} Kf7 {(00:
04} 46. Kf3 {(00:27} Re1 {(00:56} 47. Bb5 {(00:32} Rb1
{(00:55} 48. b3 {(00:09} h6 {(02:00} 49. Rf5 {(
00:14} Kg6 {(01:59} 50. Bd3 {(00:09} Rf1+ {(01:21} 51.
Bxf1 {(00:45} Kxf5 {(01:23} 52. c4 {(02:29} Ke5 {
(00:20} 53. Be2 {(01:09} Ne4 {(05:06} 54. Kg4 {(
00:48} Nf6+ {(00:11} 55. Kf3 {(00:05} Ne4 {(00:13} 56.
Ke3 {(00:30} Nc5 {(00:09} 57. Bd1 {(00:06} Kf5 {
(02:19} 58. Kf3 {(00:15} Kg5 {(00:43} 59. Ke3 {(
04:01} Kf5 {(00:12} 60. h4 {(02:01} Ke5 {(02:14} 61.
Bc2 {(02:16} Nd7 {(00:37} 62. Kf3 {(00:13} Nf6 {
(02:48} 63. Bb1 {(00:53} Nd7 {(00:12} 64. Bc2 {(
02:29} Nf6 {(00:10} 65. Ke3 {(00:07} Nd7 {(00:35} 66.
Kd3 {(00:10} Nc5+ {(00:17} 67. Kc3 {(00:04} Na6 {
(00:16} 68. Bg6 {(00:35} Kf4 {(00:11} 69. Be8 {(
02:26} Ke3 {(02:34} 70. Bf7 {(01:47} Ke4 {(03:41} 71.
Be6 {(00:20} Ke5 {(00:28} 72. Bc8 {(00:59} Nc5 {
(01:00} 73. Be6 {(02:27} Ne4+ {(00:34} 74. Kd3 {
(00:05} Nc5+ {(00:13} 75. Kc3 {(00:03} 1/2-1/2

[Event "42nd Olympiad Baku 2016 Open"]
[Site "Baku"]
[Date "2016.09.02"]
[Round "1.33"]
[White "Dvirnyy, Danyyil"]
[Black "Eichab, Charles"]
[Result "1-0"]
[ECO "C11"]
[WhiteElo "2543"]
[BlackElo "2070"]
[PlyCount "101"]
[EventDate "2016.??.??"]
[EventCountry "AZE"]
[WhiteTeam "Italien"]
[BlackTeam "Namibien"]
[WhiteTeamCountry "ITA"]
[BlackTeamCountry "NAM"]
[TimeControl "40/5400+30:1800+30"]
[WhiteClock "0:20:52"]
[BlackClock "0:03:25"]

1. e4 {(00:00} e6 {(00:40} 2. d4 {(00:00} d5 {(
00:12} 3. Nc3 {(00:32} Nf6 {(04:21} 4. e5 {(00:15}
Nfd7 {(00:04} 5. f4 {(00:37} c5 {(00:16} 6. Nf3 {
(00:07} Nc6 {(00:14} 7. Be3 {(00:20} a6 {(02:01]
} 8. Qd2 {(02:53} b5 {(02:29} 9. dxc5 {(01:15} Bxc5 {
(07:22} 10. Bd3 {(01:03} Bxe3 {(09:44} 11. Qxe3 {
(00:14} Qb6 {(00:12} 12. Qxb6 {(01:05} Nxb6 {(
00:11} 13. b3 {(08:01} Bb7 14. Ne2 {(01:16} Rc8 {(12:
08} 15. Ned4 {(04:20} Ke7 {(06:57} 16. Nxc6+ {(10:49}
Rxc6 {(00:25} 17. Nd4 {(00:58} Rc7 {(02:17} 18. Kd2 {
(00:43} Nd7 {(06:18} 19. Rhe1 {(09:58} Nc5 {(04:
41} 20. Re3 g6 {(03:46} 21. c3 {(04:34} h5 {(00:47}
22. Bc2 {(02:29} Rhc8 {(00:51} 23. a4 {(03:17} bxa4 {
(05:22} 24. b4 {(00:41} Nd7 {(03:45} 25. Bxa4 {(
00:18} Nb6 {(03:07} 26. Bb3 {(00:12} Ra8 {(00:50} 27.
Ra5 {(02:33} Rac8 {(01:31} 28. g3 {(01:39} Kf8 {
(04:23} 29. Ra1 {(02:52} Ke7 {(00:19} 30. h3 {(
02:45} Ra8 {(02:42} 31. g4 {(15:44} hxg4 {(02:30} 32.
hxg4 {(00:08} Rh8 {(00:06} 33. Rf1 {(01:12} Rh2+ {
(01:21} 34. Re2 {(02:07} Rh3 {(01:25} 35. Rf3 {(
00:27} Rxf3 {(00:58} 36. Nxf3 {(00:09} Bc6 {(05:11}
37. Rh2 {(01:34} Ba4 {(01:45} 38. Ba2 {(00:15} Kf8 {
(03:32} 39. Rh8+ {(03:41} Kg7 {(00:59} 40. Rb8 {
(00:00} Nd7 {(00:00} 41. Rd8 {(02:58} a5 {(04:
16} 42. Ra8 {(07:49} axb4 {(09:02} 43. Rxa4 {(00:27}
Rxc3 {(00:02} 44. Ng5 {(00:43} Ra3 {(00:38} 45. Rxa3 {
(01:04} bxa3 {(00:05} 46. Kc3 {(02:29} Nc5 {(09:
27} 47. Nh3 {(12:19} Ne4+ {(04:35} 48. Kb4 {(04:14} f6
{(03:34} 49. g5 {(00:55} fxe5 {(00:50} 50. fxe5 {
(00:07} Nd2 {(03:24} 51. Ng1 1-0

[Event "42nd Olympiad Baku 2016 Open"]
[Site "Baku"]
[Date "2016.09.02"]
[Round "1.26"]
[White "El Debs, Felipe de Cresce"]
[Black "Mabrouk, Fathi"]
[Result "1-0"]
[ECO "C04"]
[WhiteElo "2523"]
[BlackElo "2145"]
[PlyCount "71"]
[EventDate "2016.??.??"]
[EventCountry "AZE"]
[WhiteTeam "Brasilien"]
[BlackTeam "Tunesien"]
[WhiteTeamCountry "BRA"]
[BlackTeamCountry "TUN"]
[TimeControl "40/5400+30:1800+30"]
[WhiteClock "0:48:03"]
[BlackClock "0:07:37"]

1. e4 {(02:02} e6 {(00:00} 2. d4 {(00:08} d5 {(
00:04} 3. Nd2 {(00:10} Nc6 {(00:47} 4. Ngf3 {(00:11}
Nf6 {(00:53} 5. e5 {(00:09} Nd7 {(00:07} 6. Be2 {
(00:07} f6 {(00:39} 7. exf6 {(00:08} Qxf6 {(00:
15} 8. Nf1 {(00:11} Bd6 {(02:23} 9. Ne3 {(00:18} O-O {
(04:23} 10. O-O {(00:17} Nb6 {(06:34} 11. Ng4 {(
02:25} Qe7 {(02:31} 12. c3 {(11:28} e5 {(06:57} 13.
Ngxe5 {(01:40} Nxe5 {(02:40} 14. dxe5 {(00:10} Bxe5 {
(01:50} 15. Nxe5 {(00:12} Qxe5 {(00:04} 16. Be3 {
(00:32} c6 {(02:58} 17. Qd4 {(09:31} Qxd4 {(04:
03} 18. Bxd4 {(00:11} Bf5 {(00:24} 19. Rfe1 {(04:35}
Rfe8 {(07:25} 20. Bf1 {(02:58} Kf7 {(02:27} 21. f3 {
(00:48} Nc4 {(09:14} 22. g4 {(04:20} Bg6 {(01:
55} 23. b3 {(01:22} Nb6 {(06:40} 24. a4 {(05:34} Rxe1
{(05:13} 25. Rxe1 {(00:22} Bc2 {(04:04} 26. a5 {
(00:33} Nc8 {(00:43} 27. Rc1 {(01:56} Bg6 {(00:
13} 28. c4 {(00:25} Ne7 {(08:50} 29. cxd5 {(01:12}
Nxd5 {(01:59} 30. a6 {(00:16} bxa6 {(05:19} 31. Rxc6 {
(00:15} Rd8 {(02:54} 32. Bc4 {(02:40} Kg8 {(01:
42} 33. Rxa6 {(01:06} Rd7 {(02:10} 34. Rxa7 {(00:35}
Rxa7 {(00:49} 35. Bxa7 {(00:10} Bf7 {(00:44} 36. Bc5 {
(01:00} 1-0

[Event "42nd Olympiad Baku 2016 Open"]
[Site "Baku"]
[Date "2016.09.02"]
[Round "1.26"]
[White "El Jawich, Amro"]
[Black "Stevic, Hrvoje"]
[Result "1/2-1/2"]
[ECO "B81"]
[WhiteElo "2260"]
[BlackElo "2608"]
[PlyCount "65"]
[EventDate "2016.??.??"]
[EventCountry "AZE"]
[WhiteTeam "Libanon"]
[BlackTeam "Kroatien"]
[WhiteTeamCountry "LBN"]
[BlackTeamCountry "CRO"]
[TimeControl "40/5400+30:1800+30"]
[WhiteClock "0:02:15"]
[BlackClock "0:03:41"]

1. e4 {(00:00} c5 {(00:00} 2. Nc3 {(00:07} e6 {(
00:00} 3. Nf3 {(00:19} d6 {(01:11} 4. d4 {(00:36} cxd4
{(00:08} 5. Nxd4 {(00:13} Nf6 {(00:10} 6. g4 {(
00:29} h6 {(00:41} 7. h4 {(00:39} e5 {(01:22} 8. Nf5 {
(01:04} g6 {(00:21} 9. Nxh6 {(13:34} Bxh6 {(20:
50} 10. Bxh6 {(23:07} Rxh6 {(17:30} 11. g5 {(01:13}
Rh7 {(06:31} 12. gxf6 {(00:49} a6 {(00:07} 13. Qd5 {
(29:54} Nc6 {(32:41} 14. O-O-O {(00:27} Bg4 {(
00:05} 15. Rd2 {(08:53} Qxf6 {(00:18} 16. Qxd6 {(00:51]
} Qxd6 {(00:10} 17. Rxd6 {(00:05} Ke7 {(02:17} 18. Rd3
{(04:10} Rah8 {(00:06} 19. Nd5+ {(00:35} Kf8 {(
00:07} 20. Nf6 {(09:06} Rxh4 {(00:04} 21. Rxh4 {(00:04]
} Rxh4 {(00:04} 22. Nxg4 {(00:15} Rxg4 {(00:03} 23. Bh3
{(01:09} Rxe4 {(06:32} 24. Bc8 {(00:11} Rb4 {(
00:12} 25. c3 {(00:48} Rb6 {(00:17} 26. Rd6 {(02:12}
a5 {(05:39} 27. a4 {(01:04} Ke7 {(03:02} 28. Rd7+ {
(00:03} Ke8 {(00:05} 29. Rxb7 {(01:17} Rxb7 {(
00:05} 30. Bxb7 {(00:04} Kd7 {(00:12} 31. Bxc6+ {(00:
50} Kxc6 {(00:03} 32. b4 {(00:05} axb4 {(01:26} 33.
cxb4 {(00:02} 1/2-1/2

[Event "42nd Olympiad Baku 2016 Open"]
[Site "Baku"]
[Date "2016.09.02"]
[Round "1.30"]
[White "Escobar Forero, Alder"]
[Black "Ameku, Philip Elikem"]
[Result "1-0"]
[ECO "B12"]
[WhiteElo "2510"]
[BlackElo "1914"]
[PlyCount "69"]
[EventDate "2016.??.??"]
[EventCountry "AZE"]
[WhiteTeam "Kolumbien"]
[BlackTeam "Ghana"]
[WhiteTeamCountry "COL"]
[BlackTeamCountry "GHA"]
[TimeControl "40/5400+30:1800+30"]
[WhiteClock "0:02:34"]
[BlackClock "0:06:36"]

1. e4 {(00:00} c6 {(00:00} 2. d4 {(01:22} g6 {(
00:00} 3. Nc3 {(01:31} Bg7 {(00:27} 4. h3 {(07:33} d5
{(00:55} 5. Nf3 {(02:27} dxe4 {(04:08} 6. Nxe4 {
(00:38} Nd7 {(00:14} 7. Bc4 {(02:44} Ngf6 {(04:
59} 8. Neg5 {(09:49} O-O {(01:59} 9. Qe2 {(03:50} h6 {
(09:54} 10. Ne4 {(00:20} Qc7 {(04:13} 11. O-O {(
03:18} b5 {(05:11} 12. Bb3 {(04:50} a5 {(00:37} 13. a3
{(00:25} Bb7 {(02:13} 14. Nxf6+ {(30:46} Nxf6 {(
03:23} 15. Re1 {(03:45} e6 {(03:43} 16. Ne5 {(02:22}
Rad8 {(06:18} 17. c3 {(01:42} Ba8 {(09:21} 18. Bf4 {
(04:31} Qb7 {(01:07} 19. Qf3 {(01:24} Qe7 {(01:
44} 20. Nxc6 {(07:29} Qe8 {(07:56} 21. d5 {(01:33}
Nxd5 {(15:43} 22. Nxd8 {(00:35} Qxd8 {(00:31} 23. Be5 {
(02:20} Qg5 {(01:49} 24. Qg4 {(02:42} Qe7 {(02:
33} 25. Bxg7 {(01:06} Kxg7 {(00:03} 26. Rad1 {(00:53}
Qc7 {(02:01} 27. Qd4+ {(00:28} Kh7 {(00:14} 28. Qe5 {
(00:24} Qb6 {(02:22} 29. Rd4 {(00:45} Ne7 {(00:
49} 30. Qd6 {(02:00} Qb7 {(00:11} 31. f3 {(00:03} Rc8
{(02:01} 32. Bc2 {(00:21} Rc5 {(00:38} 33. Qxc5 {
(00:31} Nc6 {(02:37} 34. Be4 {(00:19} Qc8 {(00:
30} 35. Bxc6 {(00:10} 1-0

[Event "42nd Olympiad Baku 2016 Open"]
[Site "Baku"]
[Date "2016.09.02"]
[Round "1.32"]
[White "Esen, Baris"]
[Black "Chavez, Hector Eduardo"]
[Result "1-0"]
[ECO "A57"]
[WhiteElo "2524"]
[BlackElo "2077"]
[PlyCount "57"]
[EventDate "2016.??.??"]
[EventCountry "AZE"]
[WhiteTeam "Türkei"]
[BlackTeam "El Salvador"]
[WhiteTeamCountry "TUR"]
[BlackTeamCountry "ESA"]
[TimeControl "40/5400+30:1800+30"]
[WhiteClock "0:20:47"]
[BlackClock "0:01:02"]

1. d4 {(00:00} Nf6 {(00:00} 2. c4 {(00:56} c5 {(
00:00} 3. d5 {(01:36} b5 {(00:01} 4. Nf3 {(00:52} g6 {
(00:41} 5. Qc2 {(00:38} bxc4 {(10:04} 6. e4 {(
01:50} d6 {(02:41} 7. Bxc4 {(04:12} Bg7 {(01:24} 8.
O-O {(02:30} O-O {(00:42} 9. Nc3 {(05:48} Nbd7 {
(05:11} 10. h3 {(02:46} Nb6 {(09:06} 11. Be2 {(
00:29} Nfd7 {(20:09} 12. Bf4 {(06:02} a5 {(07:57} 13.
Rad1 {(04:42} a4 {(03:23} 14. Rfe1 {(06:37} a3 {
(02:48} 15. b3 {(00:09} f6 {(00:10} 16. Bc1 {(
06:36} Bb7 {(24:25} 17. Nb5 {(06:15} Kh8 {(06:11} 18.
Bxa3 {(10:50} Qb8 {(00:12} 19. Bc1 {(02:16} Rc8 {
(00:09} 20. Nd2 {(01:43} Ba6 {(00:24} 21. a4 {(
03:39} Bxb5 {(01:33} 22. Bxb5 {(00:42} c4 {(01:45} 23.
Nxc4 {(02:24} Ne5 {(00:41} 24. Be3 {(02:47} Nexc4 {
(00:27} 25. bxc4 {(00:12} Nxc4 {(00:15} 26. Bxc4 {
(04:46} Qb4 {(00:07} 27. Rc1 {(00:53} Rxa4 {(00:
15} 28. Bd2 {(00:37} Qa3 {(02:17} 29. Qb3 {(00:56} 1-0

[Event "42nd Olympiad Baku 2016 Open"]
[Site "Baku"]
[Date "2016.09.02"]
[Round "1.18"]
[White "Espirito Santo, Waldyr"]
[Black "Soors, Stef"]
[Result "0-1"]
[ECO "B18"]
[WhiteElo "1915"]
[BlackElo "2398"]
[PlyCount "74"]
[EventDate "2016.??.??"]
[EventCountry "AZE"]
[WhiteTeam "STP"]
[BlackTeam "Belgien"]
[BlackTeamCountry "BEL"]
[TimeControl "40/5400+30:1800+30"]
[WhiteClock "0:10:21"]
[BlackClock "0:03:52"]

1. e4 {(00:00} c6 {(00:00} 2. d4 {(02:05} d5 {(
00:00} 3. Nc3 {(01:38} dxe4 {(00:00} 4. Nxe4 {(00:22}
Bf5 {(00:00} 5. Ng3 {(01:08} Bg6 {(00:02} 6. h4 {
(01:51} h6 {(00:04} 7. h5 {(00:50} Bh7 {(00:05}
8. Nf3 {(01:10} e6 {(00:03} 9. Bd3 {(01:19} Bxd3 {
(00:04} 10. Qxd3 {(00:12} Nf6 {(00:41} 11. Bd2 {
(00:36} Be7 {(03:00} 12. O-O-O {(01:01} O-O {(
02:23} 13. Kb1 {(01:15} c5 {(03:35} 14. Bc1 {(04:45}
Nc6 {(02:58} 15. c3 {(01:21} cxd4 {(10:32} 16. Nxd4 {
(02:57} Nxd4 {(00:07} 17. cxd4 {(00:30} Qd5 {(
04:36} 18. f3 {(02:15} Rac8 {(09:09} 19. Ne4 {(05:01}
Rfd8 {(03:04} 20. g4 {(09:02} Qc4 {(03:10} 21. Nc3 {
(14:09} Nd5 {(18:18} 22. Nxd5 {(06:47} Rxd5 {(
11:47} 23. f4 {(10:00} Qxd3+ {(05:17} 24. Rxd3 {(00:15]
} Rcd8 {(02:02} 25. Rhd1 {(01:10} f5 {(00:51} 26. g5 {
(06:59} hxg5 {(02:12} 27. fxg5 {(00:45} e5 {(01:
06} 28. g6 {(03:59} e4 {(12:22} 29. Rb3 {(03:34} b6 {
(01:18} 30. Be3 {(01:16} Bd6 {(00:29} 31. Rf1 {(
00:45} f4 {(01:04} 32. Bg1 {(00:46} Rxh5 {(00:44} 33.
Bf2 {(01:07} Re8 {(00:30} 34. Rc3 {(00:41} e3 {(
01:19} 35. Rc6 {(01:58} Bb4 {(00:43} 36. Bxe3 {(03:17}
fxe3 {(00:19} 37. Rf7 {(01:23} e2 {(00:44} 0-1

[Event "42nd Olympiad Baku 2016 Open"]
[Site "Baku"]
[Date "2016.09.02"]
[Round "1.1"]
[White "Fancy, Stuart"]
[Black "Asadli, Vugar"]
[Result "0-1"]
[ECO "B20"]
[WhiteElo "1995"]
[BlackElo "2406"]
[PlyCount "62"]
[EventDate "2016.??.??"]
[EventCountry "AZE"]
[WhiteTeam "Papua New Guinea"]
[BlackTeam "Aserbeidschan"]
[WhiteTeamCountry "PNG"]
[BlackTeamCountry "AZE"]
[TimeControl "40/5400+30:1800+30"]
[WhiteClock "0:14:04"]
[BlackClock "0:53:48"]

1. e4 {(00:00} c5 {(00:00} 2. c4 {(00:00} e6 {(
00:00} 3. Nc3 {(00:11} a6 {(00:25} 4. g3 {(01:31} b6 {
(05:35} 5. Bg2 {(02:23} Bb7 {(01:07} 6. Nge2 {(
03:47} Qc7 {(03:44} 7. O-O {(01:12} d6 {(02:20} 8. f4
{(03:29} Nf6 {(00:49} 9. f5 {(01:58} e5 {(04:37]
} 10. d3 {(04:42} Be7 {(00:17} 11. Nd5 {(01:24} Bxd5 {
(04:36} 12. exd5 {(02:20} b5 {(00:31} 13. Nc3 {(
04:19} b4 {(01:21} 14. Ne4 {(00:19} Nxe4 {(00:39} 15.
Bxe4 {(01:06} Nd7 {(00:16} 16. a3 {(05:32} h6 {(
05:30} 17. Qa4 {(01:48} O-O {(05:51} 18. axb4 {(08:23}
cxb4 {(03:02} 19. Qxb4 {(00:50} Rfb8 {(00:11} 20. Qa5 {
(09:46} Qa7+ {(02:28} 21. Kg2 {(02:17} Bg5 {(02:
19} 22. Bxg5 {(03:06} hxg5 {(00:17} 23. b4 {(03:08}
Qd4 {(00:41} 24. Qc7 {(08:26} Nf6 {(01:16} 25. Qxd6 {
(00:21} Nxe4 {(00:19} 26. dxe4 {(00:28} Qxe4+ {(
00:57} 27. Kg1 {(03:46} Qd4+ {(00:12} 28. Kh1 {(00:53}
Qxc4 {(00:22} 29. Rfc1 {(02:57} Qe4+ {(00:20} 30. Kg1 {
(00:06} Rxb4 {(00:59} 31. Qc5 {(10:58} Rb2 {(00:
41} 0-1

[Event "42nd Olympiad Baku 2016 Open"]
[Site "Baku"]
[Date "2016.09.02"]
[Round "1.20"]
[White "Farley, Terry"]
[Black "Baron, Tal"]
[Result "0-1"]
[ECO "C02"]
[WhiteElo "2203"]
[BlackElo "2553"]
[PlyCount "62"]
[EventDate "2016.??.??"]
[EventCountry "AZE"]
[WhiteTeam "Barbados"]
[BlackTeam "Israel"]
[WhiteTeamCountry "BAR"]
[BlackTeamCountry "ISR"]
[TimeControl "40/5400+30:1800+30"]
[WhiteClock "0:01:07"]
[BlackClock "0:40:23"]

1. e4 {(00:00} e6 {(00:00} 2. d4 {(00:01} d5 {(
00:00} 3. e5 {(00:39} c5 {(00:00} 4. c3 {(00:06} Nc6 {
(00:00} 5. Nf3 {(00:12} Nh6 {(00:09} 6. Be2 {(
01:50} cxd4 {(11:25} 7. cxd4 {(00:07} Nf5 {(00:39} 8.
Nc3 {(09:36} Qb6 {(04:14} 9. Na4 {(01:23} Qa5+ {
(03:03} 10. Nc3 {(14:04} Bb4 {(03:45} 11. Qd3 {(
00:40} Qb6 {(05:36} 12. Be3 {(00:24} Be7 {(03:08} 13.
O-O {(15:03} Bd7 {(05:31} 14. Rab1 {(06:11} Rc8 {
(01:55} 15. Qd2 {(11:43} O-O {(01:29} 16. Bd3 {(
00:20} Nxe3 {(01:29} 17. Qxe3 {(16:11} a6 {(02:38} 18.
Rfc1 {(00:50} Qa7 {(00:47} 19. Ne2 {(10:08} Nb4 {
(00:58} 20. Rxc8 {(00:09} Rxc8 {(00:14} 21. a3 {
(03:37} Nxd3 {(00:13} 22. Qxd3 {(00:05} Bb5 {(
07:05} 23. Qd2 {(00:50} Bxe2 {(00:21} 24. Qxe2 {(00:05]
} Qb6 {(01:13} 25. Qd3 {(04:57} Rc4 {(03:46} 26. g3 {
(00:45} h6 {(01:34} 27. h4 {(01:37} a5 {(01:47}
28. Rd1 {(00:11} Qxb2 {(00:31} 29. Kg2 {(01:59} Qxa3 {
(01:14} 30. Qxa3 {(00:31} Bxa3 {(00:03} 31. Rb1 {
(00:09} Bb4 {(00:20} 0-1

[Event "42nd Olympiad Baku 2016 Open"]
[Site "Baku"]
[Date "2016.09.02"]
[Round "1.11"]
[White "Fejzullahu, Afrim"]
[Black "Li, Chao b"]
[Result "0-1"]
[ECO "B56"]
[WhiteElo "2298"]
[BlackElo "2746"]
[PlyCount "74"]
[EventDate "2016.??.??"]
[EventCountry "AZE"]
[WhiteTeam "Kosovo"]
[BlackTeam "China"]
[WhiteTeamCountry "KOS"]
[BlackTeamCountry "CHN"]
[TimeControl "40/5400+30:1800+30"]
[WhiteClock "0:00:46"]
[BlackClock "0:12:38"]

1. e4 {(00:00} c5 {(00:46} 2. Nf3 {(00:00} Nc6 {
(00:13} 3. d4 {(00:12} cxd4 {(00:07} 4. Nxd4 {(
00:14} Nf6 {(00:06} 5. Nc3 {(00:43} d6 {(00:08} 6. f3
{(05:05} e5 {(00:17} 7. Nb3 {(00:09} Be7 {(00:
10} 8. Be3 {(00:13} Be6 {(00:18} 9. Qd2 {(00:28} O-O {
(01:08} 10. O-O-O {(00:28} a5 {(00:36} 11. Kb1 {
(18:06} a4 {(05:32} 12. Nc1 {(00:43} a3 {(02:14]
} 13. b3 {(01:44} Nb4 {(01:26} 14. g4 {(19:29} Rc8 {
(09:20} 15. g5 {(02:57} Nh5 {(05:41} 16. Bd3 {(
02:50} g6 {(17:14} 17. N1e2 {(03:40} Nxd3 {(04:47} 18.
Qxd3 {(09:54} Bxg5 {(00:21} 19. Bxg5 {(02:06} Qxg5 {
(00:07} 20. Qxd6 {(02:13} Nf4 {(01:15} 21. Nxf4 {
(26:17} exf4 {(09:02} 22. h4 {(02:42} Qa5 {(17:
25} 23. Ne2 {(00:28} Rfd8 {(00:09} 24. Qxf4 {(00:33}
Bc4 {(00:21} 25. Ng3 {(00:43} Qc3 {(04:34} 26. Qc1 {
(00:08} Qxf3 {(04:16} 27. Nf5 {(00:13} Qxe4 {(
00:58} 28. Nd6 {(00:58} Rxd6 {(00:10} 29. Rxd6 {(00:07]
} Bxb3 {(00:46} 30. axb3 {(00:23} a2+ {(00:08} 31. Ka1
{(00:32} Qe5+ {(00:41} 32. Qb2 {(00:59} Qxd6 {(
00:04} 33. Kxa2 {(00:42} Qd5 {(03:45} 34. Rf1 {(00:25}
Qg2 {(00:38} 35. Rc1 {(00:30} Qh2 {(00:26} 36. Qf6 {
(00:32} Rxc2+ {(00:39} 37. Rxc2 {(00:18} Qxc2+ {
(00:04} 0-1

[Event "42nd Olympiad Baku 2016 Open"]
[Site "Baku"]
[Date "2016.09.02"]
[Round "1.11"]
[White "Fernandes, Antonio"]
[Black "Cox, Valentine"]
[Result "1-0"]
[ECO "A45"]
[WhiteElo "2413"]
[BlackElo "1867"]
[PlyCount "69"]
[EventDate "2016.??.??"]
[EventCountry "AZE"]
[WhiteTeam "Portugal"]
[BlackTeam "Bahamas"]
[WhiteTeamCountry "POR"]
[BlackTeamCountry "BAH"]
[TimeControl "40/5400+30:1800+30"]
[WhiteClock "0:04:51"]
[BlackClock "0:01:34"]

1. d4 {(00:00} Nf6 {(00:00} 2. Bg5 {(00:09} Ne4 3. Bh4
{(00:10} g5 {(11:37} 4. f3 {(00:11} Bg7 {(06:28]
} 5. fxe4 {(00:47} gxh4 {(00:08} 6. e3 {(00:11} d5 {
(08:06} 7. Nc3 {(04:46} dxe4 {(05:48} 8. Qh5 {(
01:26} O-O {(07:27} 9. Nxe4 {(01:11} Nd7 {(11:20} 10.
Nf3 {(06:17} h6 {(08:31} 11. Nxh4 {(01:59} e6 {(
02:09} 12. g4 {(21:31} Nf6 {(05:28} 13. Nxf6+ {(00:28}
Qxf6 {(00:29} 14. Bc4 {(01:09} Bd7 {(06:20} 15. Rg1 {
(16:27} Qg5 {(03:23} 16. Qxg5 {(02:19} hxg5 {(
00:14} 17. Nf3 {(00:06} c5 {(01:27} 18. O-O-O {(16:07}
cxd4 {(00:56} 19. exd4 {(00:46} Rac8 {(00:41} 20. Bb3 {
(00:53} a5 {(00:43} 21. a3 {(00:34} b5 {(00:44}
22. Kb1 {(01:19} Bf6 {(03:25} 23. h4 {(01:17} gxh4 {
(00:34} 24. g5 {(00:03} Bg7 {(00:56} 25. Nxh4 {(
01:39} Rc7 {(01:43} 26. Rge1 {(03:08} Rfc8 {(02:25}
27. Rd2 {(00:28} Bc6 {(01:01} 28. g6 {(02:32} Bd5 {
(00:14} 29. Bxd5 {(00:36} exd5 {(00:09} 30. Nf5 {
(01:09} Rd8 {(02:47} 31. Rg2 {(11:20} f6 {(02:
38} 32. Rge2 {(01:12} Kf8 {(04:27} 33. Re7 {(00:20}
Rxe7 {(01:54} 34. Rxe7 {(00:04} Bh6 {(01:14} 35. Rf7+ {
(00:05} 1-0